 Dungeon Crawl Stone Soup version 0.30-a0-748-ge6a52f7cba (webtiles) character file.

Game seed: 1902751426597567524

65245 Anon1729 the Warrior (level 14, -13/121 HPs)
             Began as a Minotaur Monk on Feb 8, 2023.
             Was a High Priest of Qazlal.
             Killed by divine providence
             ... invoked by a smoke demon
              (16 damage)
             ... on level 2 of the Abyss.
             The game lasted 00:33:34 (22761 turns).

Anon1729 the Warrior (Minotaur Monk)               Turns: 22761, Time: 00:33:34

Health: -13/121    AC: 12    Str: 24 (25) XL:     14   Next: 74%
Magic:  20/20      EV: 17    Int:  6      God:    Qazlal [*****.]
Gold:   1092       SH: 15    Dex:  9 (10) Spells: 13/13 levels left

rFire   . . .      SeeInvis +    a - +1 broad axe
rCold   . . .      Faith    .    N - +2 buckler
rNeg    . . .      Spirit   .    P - +0 toga "Victory" {*Victory Clar}
rPois   .          Reflect  .    z - +0 hat {SInv}
rElec   .          Harm     .    (no cloak)
rCorr   .          Rampage  .    i - +2 pair of gloves
Will    +....      Clarity  +    h - +0 pair of boots
Stlth   +                        (no amulet)
HPRegen 0.40/turn                S - +4 ring of protection
MPRegen 0.17/turn                Y - +5 ring of evasion

@: on fire, hasted, glowing, studying Fighting, repel missiles, very quick
A: horns 2, retaliatory headbutt, strong 1, [clumsy 1], [deterioration 1],
[frail 1], [subdued magic 1]
a: Renounce Religion, Upheaval, Elemental Force, Disaster Area


You were on level 2 of the Abyss.
You worshipped Qazlal.
Qazlal was extremely pleased with you.
You visited 3 branches of the dungeon, and saw 20 of its levels.
You visited the Abyss 1 time.
You also visited: Volcano.

You collected 1350 gold pieces.
You spent 258 gold pieces at shops.

Inventory:

Hand Weapons
 a - a +1 broad axe (weapon)
 b - the +6 morningstar "Ynaopu" {antimagic, *Corrode Will+++ Dex+5}
   (You found it on level 2 of the Lair of Beasts)

   Dex:       It affects your dexterity (+5).
   *Corrode:  It may corrode you when you take damage.
   Will:      It greatly increases your willpower.
 j - a +4 executioner's axe of venom
 H - a +0 quick blade of flaming
Missiles
 d - a throwing net (quivered)
Armour
 h - a +0 pair of boots (worn)
 i - a +2 pair of gloves (worn)
 z - a +0 hat of see invisible (worn)
 K - a +3 chain mail of fire resistance
 N - a +2 buckler (worn)
 P - the +0 toga "Victory" (worn) {*Victory Clar}
   (You found it on level 9 of the Dungeon)

   *Victory:  When the wearer kills a threatening monster, it has a chance to
   gain +1 AC, +1 Slay, and +1 Int, capping at +7.
   When the wearer uses a scroll or a potion with a hostile monster in sight,
   its bonuses reset to +0.
   Unequipping it also resets its bonuses to +0.
   Clar:      It protects you against confusion.
Jewellery
 e - a ring of protection from cold
 q - a +6 ring of dexterity
 A - a ring of magical power
 B - a ring of ice
 Q - a +5 ring of evasion
 S - a +4 ring of protection (left hand)
 X - a ring of resist corrosion
 Y - a +5 ring of evasion (right hand)
Wands
 G - a wand of paralysis (4)
 I - a wand of flame (44)
 J - a wand of acid (9)
 U - a wand of iceblast (2)
Scrolls
 f - 13 scrolls of teleportation
 k - 5 scrolls of fear
 n - a scroll of blinking
 o - 3 scrolls of poison
 s - 4 scrolls of immolation
 t - 7 scrolls of enchant weapon
 w - 2 scrolls of brand weapon
 y - 8 scrolls of amnesia
 C - 2 scrolls of vulnerability
 M - 5 scrolls of magic mapping
 W - 2 scrolls of torment
 Z - 2 scrolls of identify
Potions
 l - 4 potions of brilliance
 m - 5 potions of lignification
 p - 2 potions of curing
 r - a potion of invisibility {unknown}
 u - 3 potions of berserk rage
 v - 6 potions of attraction
 x - a potion of might
 D - 3 potions of mutation
 E - 2 potions of haste
 F - 2 potions of flight
 L - 2 potions of magic
 R - a potion of cancellation


   Skills:
 + Level 15.2 Fighting
 + Level 13.6(13.7) Axes
 - Level 1.8(9.0) Maces & Flails
 + Level 13.1 Armour
 - Level 3.2 Dodging
 + Level 10.4 Stealth
 * Level 14.0 Shields
 + Level 9.4 Invocations


You had 13 spell levels left.
You didn't know any spells.
Your spell library contained the following spells:

 Spells                   Type           Power      Damage    Failure   Level
 Magic Dart               Conj           0%         1d3       45%         1
 Slow                     Hex            0%         N/A       45%         1
 Summon Small Mammal      Summ           0%         N/A       45%         1
 Ensorcelled Hibernation  Hex/Ice        0%         N/A       61%         2
 Passwall                 Tmut/Erth      0%         N/A       61%         2
 Searing Ray              Conj           0%         2d4       61%         2
 Sublimation of Blood     Necr           0%         N/A       61%         2
 Wereblood                Tmut           0%         N/A       61%         2
 Call Canine Familiar     Summ           0%         N/A       83%         3
 Confusing Touch          Hex            0%         N/A       83%         3
 Dazzling Flash           Conj/Hex       0%         N/A       83%         3
 Summon Guardian Golem    Hex/Summ       0%         N/A       83%         3
 Swiftness                Air            0%         N/A       83%         3
 Vampiric Draining        Necr           0%         2d6       83%         3
 Airstrike                Air            0%         2d(0-16)  99%         4
 Animate Dead             Necr           0%         N/A       99%         4
 Fulminant Prism          Conj/Hex       0%         3d5       99%         4
 Leda's Liquefaction      Hex/Erth       0%         N/A       99%         4
 Petrify                  Tmut/Erth      0%         N/A       99%         4
 Summon Lightning Spire   Summ/Air       0%         N/A       99%         4
 Agony                    Necr           0%         N/A       100%        5
 Borgnjor's Vile Clutch   Necr/Erth      0%         N/A       100%        5
 Irradiate                Conj/Tmut      0%         3d11      100%        5
 Lee's Rapid Deconstruct  Erth           0%         3d4*      100%        5
 Lightning Bolt           Conj/Air       0%         1d11      100%        5
 Silence                  Hex/Air        0%         N/A       100%        5
 Death Channel            Necr           0%         N/A       100%        6
 Statue Form              Tmut/Erth      0%         N/A       100%        6
 Summon Hydra             Summ           0%         N/A       100%        7


Dungeon Overview and Level Annotations

Branches:
Dungeon (14/15)            Temple (1/1) D:7            Lair (5/5) D:11
 Shoals (0/4) Lair:3        Snake (0/4) Lair:2        Slime (0/5) Lair:4
    Orc (0/2) D:9          Vaults (0/5) D:14        Volcano (visited)

Altars:
Ashenzari
Cheibriados
Dithmenos
Fedhas
Gozag
Hepliaklqana
Kikubaaqudgha
Makhleb
Nemelex Xobeh
Okawaru
Qazlal
Ru
Sif Muna
Trog
Uskayaw
Vehumet
Wu Jian
Xom
Yredelemnul
Zin
The Shining One

Shops:
D:5 [   D:8 =   D:10 [   D:11 ?

Annotations:
D:4 2 runed translucent doors, Dowan; Duvessa; Leeroy's ghost, amateur VSWr
D:9 2 runed translucent doors
D:13 exclusions: downstairs and orange crystal statue, Erolcha
D:14 Nessos; Rupert; Urug


Innate Abilities, Weirdness & Mutations

You have a pair of horns on your head.
You reflexively headbutt those who attack you in melee.
Your muscles are strong. (Str +4, Int/Dex -1)
[You are clumsy. (Dex -2)]
[Your body sometimes deteriorates upon taking damage.]
[You are frail. (-10% HP)]
[Your spells are a little easier to cast, but a little less powerful.]


Message History

* * * LOW HITPOINT WARNING * * *
Your protection from physical attacks is fading.
A large abomination comes into view.
You feel better.
You are suddenly pulled into a different region of the Abyss!
It was a potion of magic.
Magic courses through your body.
It was a potion of cancellation.
You feel magically purged.
You start resting.
You feel less protected from physical attacks.
You start resting.
You hear a roar!
A smoke demon comes into view.
You feel yourself speed up.
The smoke demon hits you but does no damage.
The smoke demon misses you.
The smoke demon hits you but does no damage.
You slash the smoke demon! Your headbutt misses the smoke demon.
The smoke demon is moderately wounded.
You slash the smoke demon!
The smoke demon is heavily wounded.
The smoke demon gestures at you. Something smites you!
* * * LOW HITPOINT WARNING * * *
You barely miss the smoke demon.
The smoke demon is heavily wounded.
The smoke demon gestures at you. The sticky flame hits you.
You are covered in liquid flames!
* * * LOW HITPOINT WARNING * * *
You barely miss the smoke demon. Your headbutt misses the smoke demon.
The smoke demon is heavily wounded.
You are covered in liquid flames!
* * * LOW HITPOINT WARNING * * *
You closely miss the smoke demon.
The smoke demon is heavily wounded.
You are covered in liquid flames!
* * * LOW HITPOINT WARNING * * *
The smoke demon gestures at you. Something smites you!
You die...

.. .# ..
# ## .#
#.. #. #.
...#
.#.#...#
###○3...#
#..@#
#####


You could see a smoke demon.

Vanquished Creatures
  A lich (Abyss:2)
  Gastronok (Lair:3)
  A dire elephant (Lair:5)
  Snorg (Lair:3)
  A blizzard demon (Abyss:2)
  A fire dragon (D:13)
  Fannar (Lair:1)
  The ghost of kae the Geomancer, a journeyman GrEE of Vehumet (Lair:2)
  5 hydras
  Erica (D:9)
  The ghost of NigelTetley the Slicer, a journeyman VSFi of Okawaru (Lair:2)
  A centaur warrior (D:10)
  2 two-headed ogres (D:10)
  A catoblepas (D:10)
  5 death yaks (Lair:4)
  4 hell knights (D:12)
  2 wretched stars (Abyss:2)
  Amaemon (D:9)
  Sonja (Lair:3)
  A deep elf archer (Volcano)
  A shining eye (Abyss:2)
  6 deep elf pyromancers (Volcano)
  3 ugly things (D:12)
  A manticore (D:13)
  A cyclops (D:13)
  A stone giant zombie (Abyss:2)
  A black mamba (Lair:5)
  19 cane toads
  Maggie (D:8)
  2 orange demons
  2 gargoyles
  An unseen horror (D:12)
  Psyche (D:10)
  8 rime drakes
  An efreet (D:10)
  A tengu conjurer (D:10)
  11 komodo dragons
  An ancient zyme (Abyss:2)
  8 trolls
  A hellwing (Abyss:2)
  A polar bear (Lair:1)
  4 large abominations (Abyss:2)
  4 hornets
  13 blink frogs
  3 raiju (Abyss:2)
  5 dream sheep (Lair:5)
  6 slime creatures (D:12)
  A shadow (D:10)
  39 yaks
  2 wyverns
  A vampire (D:11)
  A ynoxinul (Abyss:2)
  3 humans
  3 wraiths
  2 basilisks
  4 fire elementals (Volcano)
  A steam dragon (D:9)
  5 vampire mosquitoes
  A neqoxec (Abyss:2)
  2 small abominations (Abyss:2)
  Edmund (D:6)
  A naga (Lair:2)
  2 acid dragons
  14 hell hounds
  16 water moccasins
  2 sky beasts
  3 orc warriors
  A black bear (Lair:2)
  An ice beast (D:7)
  3 ogres
  13 wolves
  5 centaurs
  A phantom (D:7)
  3 gnoll sergeants
  A necrophage (D:6)
  9 bullfrogs
  A scorpion (D:6)
  7 wights
  23 killer bees
  A howler monkey (D:11)
  4 hounds
  2 iron imps (Abyss:2)
  2 gnoll boudas
  8 jellies
  5 orc priests
  Crazy Yiuf (D:6)
  An iguana (D:6)
  5 orc wizards
  14 gnolls
  6 adders
  A white imp (D:5)
  A worm (D:3)
  A dart slug (D:4)
  35 orcs
  5 ball pythons
  7 endoplasms
  3 giant cockroaches
  5 hobgoblins
  3 jackals (D:2)
  8 kobolds
  4 quokkas
  6 bats
  4 frilled lizards
  8 goblins
  12 rats
464 creatures vanquished.

Vanquished Creatures (others)
  A bush (Lair:5)
  21 fungi
  36 plants
58 creatures vanquished.

Grand Total: 522 creatures vanquished

Notes
Turn   | Place    | Note
-------+----------+-------------------------------------------
     0 | D:1      | Anon1729 the Minotaur Monk began the quest for the Orb.
     0 | D:1      | Reached XP level 1. HP: 19/19 MP: 0/0
    24 | D:1      | Found a faded altar of an unknown god.
    79 | D:1      | Reached XP level 2. HP: 27/27 MP: 1/1
   170 | D:1      | Reached skill level 1 in Armour
   329 | D:1      | Reached skill level 4 in Fighting
   607 | D:2      | Reached XP level 3. HP: 33/33 MP: 2/2
  1495 | D:3      | Reached XP level 4. HP: 20/40 MP: 3/3
  1714 | D:3      | Reached XP level 5. HP: 39/47 MP: 4/4
  2334 | D:4      | Found a large runed translucent door.
  2334 | D:4      | Found a large runed translucent door.
  2354 | D:4      | Noticed Leeroy's ghost (amateur VSWr)
  2551 | D:4      | Noticed Duvessa
  2551 | D:4      | Noticed Dowan
  2565 | D:5      | Entered Level 5 of the Dungeon
  2610 | D:5      | Found Sipaela's Antique Armour Shop.
  2612 | D:5      | Noticed a troll
  2624 | D:5      | HP: 1/47 [troll (5)]
  2628 | D:5      | Killed a troll
  2629 | D:5      | Reached skill level 5 in Fighting
  2629 | D:5      | Reached skill level 5 in Axes
  2629 | D:5      | Reached XP level 6. HP: 33/56 MP: 5/5
  2940 | D:5      | Reached XP level 7. HP: 48/62 MP: 6/6
  3287 | D:5      | Reached skill level 6 in Fighting
  3298 | D:5      | Found a hazy altar of Hepliaklqana.
  3299 | D:5      | Found a sparkling altar of Nemelex Xobeh.
  3335 | D:5      | You fall into a shaft and drop 2 floors!
  3378 | D:7      | Reached skill level 5 in Armour
  3586 | D:7      | Reached XP level 8. HP: 70/71 MP: 7/7
  3671 | D:7      | Reached skill level 7 in Fighting
  3770 | D:7      | Reached skill level 5 in Stealth
  4152 | D:7      | Reached XP level 9. HP: 81/81 MP: 8/8
  4193 | D:7      | Found a staircase to the Ecumenical Temple.
  4202 | Temple   | Entered the Ecumenical Temple
  4396 | Temple   | Became a worshipper of Qazlal Stormbringer
  4396 | Temple   | Reached * piety under Qazlal
  4396 | Temple   | Reached ** piety under Qazlal
  4730 | D:8      | Reached skill level 8 in Fighting
  4760 | D:8      | Reached skill level 1 in Invocations
  5098 | D:8      | Noticed Maggie
  5114 | D:8      | Killed Maggie
  5170 | D:8      | Reached skill level 9 in Fighting
  5463 | D:8      | Reached XP level 10. HP: 90/91 MP: 11/11
  5676 | D:8      | Found Hir Rel's Jewellery Emporium.
  6140 | D:9      | Found a radiant altar of Vehumet.
  6140 | D:9      | Noticed Amaemon
  6142 | D:9      | Noticed an orange demon
  6172 | D:9      | Killed Amaemon
  6173 | D:9      | Reached skill level 1 in Maces & Flails
  6180 | D:9      | Killed an orange demon
  6414 | D:9      | Found a runed translucent door.
  6415 | D:9      | Noticed a fire dragon
  6416 | D:9      | Noticed an ice dragon
  6417 | D:9      | Noticed a fire dragon
  6418 | D:9      | Noticed an ice dragon
  6418 | D:9      | Found the +2 shield of Resistance {rF++ rC++ Will++}
  6423 | D:9      | Found a runed translucent door.
  6448 | D:9      | Reached skill level 1 in Shields
  6553 | D:9      | Noticed Erica
  6653 | D:9      | Identified a scroll of acquirement
  6654 | D:9      | Acquired a +4 executioner's axe of venom
  6706 | D:9      | Found the +0 toga "Victory" {*Victory Clar}
  7084 | D:9      | Found a staircase to the Orcish Mines.
  7296 | D:10     | Entered Level 10 of the Dungeon
  7316 | D:10     | Reached *** piety under Qazlal
  7492 | D:10     | Noticed a gargoyle
  7506 | D:10     | Reached skill level 10 in Axes
  7690 | D:10     | Reached skill level 10 in Fighting
  7702 | D:9      | Reached XP level 11. HP: 49/99 MP: 13/13
  7854 | D:10     | Reached skill level 5 in Shields
  8034 | D:10     | Reached skill level 5 in Invocations
  8035 | D:10     | Noticed a two-headed ogre
  8306 | D:10     | Noticed a centaur warrior
  8536 | D:10     | Killed a centaur warrior
  8646 | D:10     | Killed a two-headed ogre
  8676 | D:10     | Noticed a two-headed ogre
  8685 | D:10     | Killed a two-headed ogre
  8700 | D:10     | Noticed Psyche
  8992 | D:10     | Found a shimmering altar of Xom.
  9057 | D:10     | Killed Psyche
  9299 | D:10     | Found Vizovamn's Armour Shoppe.
  9495 | D:10     | Found a sacrificial altar of Ru.
  9637 | D:10     | Reached skill level 10 in Armour
  9647 | D:10     | Noticed a catoblepas
  9656 | D:10     | Killed a catoblepas
  9982 | D:9      | Killed Erica
 10216 | D:6      | Reached **** piety under Qazlal
 10713 | D:6      | Noticed Edmund
 10719 | D:6      | Killed Edmund
 10785 | D:6      | Found a runed translucent door.
 10786 | D:6      | Noticed Crazy Yiuf
 10791 | D:6      | Killed Crazy Yiuf
 11501 | D:11     | Reached XP level 12. HP: 92/108 MP: 15/15
 11582 | D:11     | Found a staircase to the Lair.
 11593 | D:11     | Reached skill level 11 in Fighting
 11793 | D:11     | Found Wajo's Magic Scroll Emporium.
 11803 | D:11     | Bought a scroll of enchant weapon for 82 gold pieces
 11803 | D:11     | Bought a scroll of amnesia for 44 gold pieces
 11803 | D:11     | Bought a scroll of teleportation for 33 gold pieces
 11803 | D:11     | Bought a scroll of identify for 22 gold pieces
 11803 | D:11     | Bought a scroll of identify for 22 gold pieces
 11803 | D:11     | Bought a scroll of teleportation for 33 gold pieces
 11803 | D:11     | Bought a scroll of identify for 22 gold pieces
 15418 | D:12     | Acquired a manual of Fighting
 15594 | D:13     | Noticed Erolcha
 15777 | D:13     | Reached skill level 10 in Shields
 15951 | D:13     | Identified the +1 leather armour "Caxzy" {Stlth+}
 15952 | D:13     | Noticed a fire dragon
 15959 | D:14     | Noticed Rupert
 15959 | D:14     | Noticed Nessos
 15959 | D:14     | Noticed Urug
 15959 | D:14     | Noticed a six-headed hydra
 15959 | D:14     | Found a gate to the Vaults.
 15979 | D:13     | Killed a fire dragon
 16360 | D:14     | Reached skill level 12 in Fighting
 16459 | Lair:1   | Entered Level 1 of the Lair of Beasts
 16603 | Lair:1   | Noticed Fannar
 16622 | Lair:1   | Killed Fannar
 16623 | Lair:1   | Reached XP level 13. HP: 103/118 MP: 17/17
 17671 | Lair:2   | Found a runed translucent gate.
 17673 | Lair:2   | Found a runed translucent gate.
 17673 | Lair:2   | Found a runed translucent gate.
 17676 | Lair:2   | Noticed NigelTetley's ghost (journeyman VSFi)
 17676 | Lair:2   | Noticed kae's ghost (journeyman GrEE)
 18030 | Lair:2   | Identified the +6 morningstar "Ynaopu" {antimagic, *Corrode
                  | Will+++ Dex+5}
 18196 | Lair:2   | Found a staircase to the Snake Pit.
 18572 | Lair:2   | Killed NigelTetley's ghost
 18581 | Lair:2   | Killed kae's ghost
 18647 | Lair:3   | Reached skill level 13 in Fighting
 18828 | Lair:3   | Noticed Gastronok
 18846 | Lair:3   | Killed Gastronok
 18943 | Lair:3   | Noticed Sonja
 18954 | Lair:3   | Killed Sonja
 19172 | Lair:3   | Noticed Snorg
 19180 | Lair:3   | Killed Snorg
 19509 | Lair:3   | Found a staircase to the Shoals.
 19998 | Lair:4   | Found a staircase to the Slime Pits.
 20476 | Lair:4   | Reached XP level 14. HP: 127/130 MP: 19/19
 20729 | Lair:5   | Entered Level 5 of the Lair of Beasts
 20741 | Lair:5   | Reached skill level 14 in Fighting
 20903 | Lair:5   | Found a dark tunnel.
 21028 | Volcano  | Entered a volcano
 21077 | Volcano  | Reached skill level 10 in Stealth
 22288 | Lair:5   | Found a burning altar of Makhleb.
 22290 | Abyss:2  | Cast into level 2 of the Abyss (a wizard)
 22392 | Abyss:2  | Found a corrupted altar of Lugonu.
 22393 | Abyss:2  | Gained mutation: You occasionally lose the ability to drink
                  | potions when taking damage. [a shining eye]
 22412 | Abyss:2  | Found a corrupted altar of Lugonu.
 22429 | Abyss:2  | Reached skill level 15 in Fighting
 22438 | Abyss:2  | Lost mutation: You occasionally lose the ability to drink
                  | potions when taking damage. [potion of mutation]
 22438 | Abyss:2  | Gained mutation: Your muscles are strong. (Str +4, Int/Dex
                  | -1) [potion of mutation]
 22637 | Abyss:2  | Noticed a lich
 22649 | Abyss:2  | Killed a lich
 22649 | Abyss:2  | Reached ***** piety under Qazlal
 22712 | Abyss:2  | Noticed a daeva
 22760 | Abyss:2  | HP: 6/121 [burnt (5)]
 22761 | Abyss:2  | Killed from afar by a smoke demon

Illustrated notes

Levels and vault maps discovered:
D:1:      dpeg_arrival_orchard, layout_rooms, chequers_ecumenical_altar_simple
D:2:      layout_basic
D:3:      layout_basic
D:4:      layout_gridville, elyvilon_altar_1, ebering_ghost_disaster_area,
          kennysheep_generic_room_9, uniq_duvessa
D:5:      layout_basic, mainiacjoe_overflow_divided_tiny,
          minmay_misc_feat_plants, minmay_shop_grid_forest
D:6:      layout_gridville, uniq_edmund, uniq_crazy_yiuf_cottage
D:7:      layout_loops_corners, minmay_temple_entry_proselytizer
D:8:      layout_basic, serial_shops, shop_statue, uniq_maggie
D:9:      layout_roguey, overflow_temple_1_default, orc_0_dummy, enter_bailey_6,
          grunt_decor_clamped, serial_bayou_pond_c,
          minmay_guarded_unrand_resistance, uniq_erica, uniq_amaemon
D:10:     layout_cave_pools, tgw_xom, kennysheep_little_box, serial_shops,
          kennysheep_mini_moat, minmay_fractal_squares_gapless_7, uniq_psyche
D:11:     layout_loops_corners, lair_entry_dummy, serial_shops,
          nicolae_square_shop, chequers_serial_rivers_small_b
D:12:     layout_basic, minmay_rotating_lava
D:13:     layout_rooms, minmay_statue_bubble, uniq_erolcha
D:14:     layout_rooms, david_vaults_3, nzn_wu_jian_council_hall,
          gammafunk_ghost_abyssal_escape, minmay_variable_closet
Temple:   nicolae_temple_slightly_damp_pantheon
Lair:1:   layout_misc_corridors, uniq_fannar
Lair:2:   layout_gridlike, guppyfry_snake_entry_island, gammafunk_ghost_cemetery
Lair:3:   layout_regular_city, elwin_shoals_entry_rooms,
          infiniplex_staircase_pool, uniq_snorg, uniq_gastronok, uniq_sonja
Lair:4:   layout_cave_shapes, minmay_slime_entry_pillars, grunt_megastairs_4,
          lemuel_fruit_fields, infiniplex_staircase_pool_2
Lair:5:   evil_forest, layout_loops_ring, nicolae_volcano_entry_hallway,
          lemuel_old_faithful
Abyss:2:  base: D:8, hangedman_eye_storm

Skill      XL: |  1  2  3  4  5  6  7  8  9 10 11 12 13 14 |
---------------+-------------------------------------------+-----
Armour         | 1 2 3 4 5 6 8 9 10 11 12 13 | 13.1
Axes           | 4 5 6 8 9 10 11 12 13 | 13.6
Stealth        | 2 3 4 5 6 7 8 9 10 | 10.4
Fighting       | 4 5 6 7 9 10 12 13 15 | 15.2
Invocations    | 3 4 6 7 8 9 |  9.4
Maces & Flails | 1 |  1.8
Shields        | 4 8 10 12 14 | 14.0
Dodging        | |  3.2

Action                     |  1- 3 |  4- 6 |  7- 9 | 10-12 | 13-15 || total
---------------------------+-------+-------+-------+-------+-------++-------
  Melee: Flail             |    89 |    80 |    91 |       |    15 ||   275
         Hand axe          |     1 |       |       |       |       ||     1
         Headbutt          |     4 |     9 |    42 |   146 |   133 ||   334
         Punch             |     1 |     2 |     4 |     3 |       ||    10
         War axe           |       |       |   107 |   488 |       ||   595
         Unarmed           |       |       |       |     3 |       ||     3
         Broad axe         |       |       |       |    59 |   493 ||   552
         Morningstar       |       |       |       |       |     4 ||     4
 Invoke: Upheaval          |       |       |       |    21 |     1 ||    22
  Evoke: Wand              |       |       |     2 |    22 |     5 ||    29
    Use: Potion            |       |     2 |     1 |     7 |    21 ||    31
         Scroll            |       |       |       |    22 |     7 ||    29
   Stab: Sleeping          |     7 |     4 |       |       |       ||    11
         Paralysed         |       |       |       |     6 |       ||     6
         Distracted        |       |       |       |     1 |       ||     1
 Armour: Robe              |    27 |    24 |       |    35 |   153 ||   239
         Chain mail        |       |    47 |   167 |   155 |       ||   369
  Dodge: Dodged            |    74 |    50 |   108 |   263 |   275 ||   770
         Repelled          |       |       |       |     4 |     7 ||    11
  Block: Other             |       |       |     5 |    26 |       ||    31
         Buckler           |       |       |       |   223 |   282 ||   505

Table legend: (Time is in decaauts)
 A = Elapsed time spent in this place.
 B = Non-inter-level travel time spent in this place.
 C = Inter-level travel time spent in this place.
 D = Time resting spent in this place.
 E = Time spent auto-exploring this place.
 F = Levels seen in this place.
 G = Mean time per level.
                   A        B        C        D        E       F      G
               +--------+--------+--------+--------+--------+-----+--------+
         Total |  22939 |  22033 |    906 |   3129 |  15088 |  22 | 1042.7 |
       Dungeon |  16391 |  15605 |    786 |   2818 |  10347 |  14 | 1170.8 |
        Temple |    215 |    164 |     51 |      0 |    147 |   1 |  215.0 |
          Lair |   5563 |   5495 |     68 |    128 |   4517 |   5 | 1112.6 |
         Abyss |    442 |    442 |      0 |     38 |     53 |   1 |  442.0 |
       Volcano |    326 |    326 |      0 |    145 |     24 |   1 |  326.0 |
               +--------+--------+--------+--------+--------+-----+--------+

Top non-repeatable levels by time:
    D:12: 3158 daAuts
     D:9: 2382 daAuts
    D:10: 1761 daAuts
     D:8: 1390 daAuts
  Lair:2: 1352 daAuts
    D:11: 1263 daAuts
  Lair:5: 1226 daAuts
     D:7: 1182 daAuts
  Lair:4: 1124 daAuts
     D:3: 1049 daAuts
  Lair:3: 1028 daAuts
     D:5: 968 daAuts
     D:6: 931 daAuts
  Lair:1: 831 daAuts
    D:13: 735 daAuts
